 Dungeon Crawl Stone Soup version 0.27.0-1-g7a089689b8 (webtiles) character file.

Game seed: 8157623883893777327

1816 Crownlay the Carver (level 8, 0/96 HPs)
             Began as a Minotaur Berserker on Aug 9, 2021.
             Was a Priest of Trog.
             Slain by an orc warrior (12 damage)
             ... on level 7 of the Dungeon.
             The game lasted 00:13:09 (6358 turns).

Crownlay the Carver (Minotaur Berserker)            Turns: 6358, Time: 00:13:09

Health: 0/96       AC:  6    Str: 24    XL:     8   Next: 85%
Magic:  7/7        EV: 12    Int:  4    God:    Trog [***...]
Gold:   286        SH:  0    Dex: 10    Spells: 7/7 levels left

rFire    . . .     SeeInvis .   a - +0 falchion
rCold    . . .     Faith    .   (no shield)
rNeg     . . .     Spirit   .   b - +0 animal skin
rPois    .         Reflect  .   (helmet restricted)
rElec    .         Harm     .   p - +0 cloak
rCorr    .         Rampage  .   y - +2 pair of gloves
Will     ++...                  (no boots)
Stlth    ..........             (no amulet)
HPRegen  1.26/turn              (no ring)
MPRegen  0.10/turn              (no ring)

@: berserking, strong-willed, regenerating, very quick
A: horns 2, retaliatory headbutt
a: Renounce Religion, Berserk, Trog's Hand


You were on level 7 of the Dungeon.
You worshipped Trog.
Trog was most pleased with you.
You visited 1 branch of the dungeon, and saw 7 of its levels.

You collected 286 gold pieces.

Inventory:

Hand Weapons
 a - a +0 falchion (weapon)
 g - a +0 halberd
Missiles
 v - 5 atropa-tipped darts (quivered)
 C - 2 javelins
Armour
 b - a +0 animal skin (worn)
 p - a +0 cloak (worn)
 y - a +2 pair of gloves (worn)
Jewellery
 m - an amulet of the acrobat
 n - a +6 ring of intelligence
 G - a ring of willpower
Wands
 e - a wand of mindburst (21)
 i - a wand of flame (5)
Scrolls
 d - a scroll of acquirement {unknown}
 f - 2 scrolls of magic mapping {unknown}
 h - 3 scrolls of teleportation
 l - 2 scrolls of fog
 s - a scroll of enchant armour {unknown}
 t - 2 scrolls of vulnerability {unknown}
 x - a scroll of holy word {unknown}
 A - a scroll of immolation {unknown}
 D - a scroll of silence {unknown}
 E - a scroll of identify
 F - a scroll of fear {unknown}
 I - a scroll of blinking {unknown}
Potions
 c - 2 potions of heal wounds {unknown}
 j - 6 potions of flight
 k - a potion of resistance {unknown}
 o - a potion of magic {unknown}
 q - 2 potions of ambrosia {unknown}
 r - 2 potions of brilliance {unknown}
 u - 3 potions of might
 w - a potion of cancellation {unknown}
 z - a potion of mutation {unknown}
 B - a potion of degeneration {unknown}
 H - a potion of curing {unknown}


   Skills:
 - Level 3.6 Fighting
 + Level 13.5 Long Blades
 - Level 2.4 Armour
 - Level 2.1 Dodging


You had 7 spell levels left.
You didn't know any spells.
Your spell library was empty.

Dungeon Overview and Level Annotations

Branches:
Dungeon (7/15)             Temple (0/1) D:5

Altars:
Hepliaklqana
Qazlal
Sif Muna
Trog
Xom
Zin
The Shining One

Shops:
D:4 !

Annotations:
D:7 3 runed translucent doors, Skimidon's ghost, novice VSIE


Innate Abilities, Weirdness & Mutations

You have a pair of horns on your head.
You reflexively headbutt those who attack you in melee.


Message History

The orc hits you but does no damage.
You barely miss the orc warrior.
The orc warrior is heavily wounded.
The orc warrior hits you with a +0 short sword!
You are too injured to fight recklessly!
You are too injured to fight recklessly!
You are too injured to fight recklessly!
Your skin crawls.
You feel strong-willed. The orc barely misses you. You furiously retaliate!
You headbutt the orc!
You kill the orc!
Trog accepts your kill.
The orc warrior hits you with a +0 short sword!
* * * LOW HITPOINT WARNING * * *
You barely miss the orc warrior.
The orc warrior is heavily wounded.
You hit the orc warrior. Your headbutt misses the orc warrior.
The orc warrior is severely wounded.
The orc warrior hits you with a +0 short sword.
* * * LOW HITPOINT WARNING * * *
You hit the orc warrior.
The orc warrior is severely wounded.
The orc warrior misses you. You furiously retaliate!
You headbutt the orc warrior, but do no damage.
You hit the orc warrior.
The orc warrior is almost dead.
You closely miss the orc warrior. Your headbutt misses the orc warrior.
The orc warrior is almost dead.
The orc warrior hits you but does no damage.
You closely miss the orc warrior. Your headbutt misses the orc warrior.
The orc warrior is almost dead.
You hit the orc warrior.
You headbutt the orc warrior, but do no damage.
The orc warrior is almost dead.
The orc warrior hits you with a +0 short sword!
* * * LOW HITPOINT WARNING * * *
A red film seems to cover your vision as you go berserk!
You feel yourself moving faster!
You feel mighty!
The orc warrior hits you with a +0 short sword!
You die...

#.#.####.#...## .####
##'#.####...#..# .....
...).#....###..## ......
..........'.....##Z.$...
....##....#####..###+++#
....##...(# ##........
....##....# #..######
....##....# #.##
....##....# #@#
....####### #o)....#
##+## #......# #......#
#......# #......#
#......# #......#


You could see an orc warrior and a hornet simulacrum.

Vanquished Creatures
  Grinder (D:3)
  A water moccasin (D:4)
  2 sky beasts (D:6)
  A black bear (D:6)
  3 ogres
  A centaur (D:6)
  2 phantoms
  2 water moccasin skeletons
  A howler monkey (D:6)
  2 centaur zombies (D:6)
  2 hounds
  2 centaur skeletons
  Crazy Yiuf (D:3)
  Natasha (thrice) (D:2)
  3 iguanas
  An orc wizard (D:2)
  11 gnolls
  3 adders
  A white imp (D:7)
  2 ufetubi
  A worm (D:4)
  13 orcs
  6 endoplasms
  2 giant cockroaches (D:1)
  8 goblins
  3 hobgoblins
  2 quokkas
  4 ball pythons
  2 bats
  2 frilled lizards
  7 kobolds
  9 rats
104 creatures vanquished.

Notes
Turn   | Place    | Note
-------+----------+-------------------------------------------
     0 | D:1      | Crownlay the Minotaur Berserker began the quest for the
                  | Orb.
     0 | D:1      | Reached XP level 1. HP: 19/19 MP: 0/0
   153 | D:1      | Reached skill level 4 in Long Blades
   211 | D:1      | Reached XP level 2. HP: 26/26 MP: 1/1
   751 | D:2      | Found a faded altar of an unknown god.
   762 | D:2      | Reached skill level 5 in Long Blades
   767 | D:2      | Reached ** piety under Trog
   768 | D:2      | Reached XP level 3. HP: 23/31 MP: 2/2
  1052 | D:2      | Reached skill level 6 in Long Blades
  1052 | D:2      | Reached XP level 4. HP: 7/39 MP: 3/3
  1346 | D:2      | Noticed Natasha
  1355 | D:2      | Killed Natasha
  1565 | D:2      | Reached skill level 7 in Long Blades
  1565 | D:2      | Reached XP level 5. HP: 43/45 MP: 4/4
  1597 | D:2      | Noticed Natasha
  1603 | D:2      | Killed Natasha
  2048 | D:2      | Noticed Natasha
  2054 | D:2      | Killed Natasha
  2275 | D:3      | Noticed Grinder
  2286 | D:3      | Killed Grinder
  2287 | D:3      | Reached skill level 9 in Long Blades
  2287 | D:3      | Reached XP level 6. HP: 51/51 MP: 5/5
  2313 | D:3      | Found a glowing silver altar of Zin.
  2471 | D:3      | Found a runed translucent door.
  2474 | D:3      | Noticed Crazy Yiuf
  2481 | D:3      | Killed Crazy Yiuf
  3058 | D:4      | Noticed a water moccasin
  3064 | D:4      | Reached XP level 7. HP: 47/57 MP: 6/6
  3066 | D:4      | Reached skill level 10 in Long Blades
  3493 | D:4      | Found Lymeoc's Distillery.
  3684 | D:4      | Reached skill level 11 in Long Blades
  4037 | D:5      | Entered Level 5 of the Dungeon
  4055 | D:5      | Found a bloodstained altar of Trog.
  4267 | D:5      | Reached XP level 8. HP: 64/64 MP: 7/7
  4547 | D:5      | Found a staircase to the Ecumenical Temple.
  5083 | D:6      | Reached skill level 12 in Long Blades
  5116 | D:6      | Found a shimmering altar of Xom.
  5116 | D:6      | Found a shimmering blue altar of Sif Muna.
  5222 | D:6      | Found a stormy altar of Qazlal.
  5721 | D:6      | Reached skill level 13 in Long Blades
  5759 | D:6      | Found a glowing golden altar of the Shining One.
  5759 | D:6      | Found a hazy altar of Hepliaklqana.
  5818 | D:6      | Identified the +2 ring mail "Jivojae" {Harm Rampage Dex+5
                  | Slay-4}
  6219 | D:7      | Reached *** piety under Trog
  6232 | D:7      | Noticed Skimidon's ghost (novice VSIE)
  6330 | D:7      | Found a runed translucent gate.
  6330 | D:7      | Found a runed translucent gate.
  6330 | D:7      | Found a runed translucent gate.
  6358 | D:7      | Slain by an orc warrior

Illustrated notes

Levels and vault maps discovered:
D:1:      dpeg_arrival_oval, layout_basic
D:2:      layout_loops_ring, shapermc_ecumenical_altar_starsandcircs,
          uniq_natasha
D:3:      layout_loops_ring, amcnicky_altar_gilded, kennysheep_generic_room_10,
          uniq_crazy_yiuf_cottage, uniq_grinder
D:4:      layout_basic, serial_shops, nicolae_diamond_shop
D:5:      layout_basic, old_standard_altar, minmay_temple_entry_offerings
D:6:      layout_gridville, grunt_temple_overflow_diamond,
          gammafunk_temple_overflow_wave
D:7:      layout_basic, gammafunk_ghost_icy, serial_shops,
          nicolae_shop_behind_doors, shop, feat_on_display, uniq_joseph

Skill      XL: |  1  2  3  4  5  6  7  8 |
---------------+-------------------------+-----
Long Blades    | 4 5 6 7 9 11 13 | 13.5
Fighting       | |  3.6
Armour         | |  2.4
Dodging        | |  2.1

Action                   |  1- 3 |  4- 6 |  7- 9 || total
-------------------------+-------+-------+-------++-------
Melee: Falchion          |    36 |    61 |   168 ||   265
       Headbutt          |     7 |    14 |    43 ||    64
       Halberd           |     5 |       |       ||     5
Invok: Berserk           |     1 |     2 |     3 ||     6
       Trog's Hand       |       |     6 |     2 ||     8
  Use: Scroll            |       |       |     5 ||     5
Armor: Animal skin       |     6 |     6 |    41 ||    53
Dodge: Dodged            |    36 |    37 |    81 ||   154
       Rpst.: Falchion   |     9 |     8 |    18 ||    35
